 Dungeon Crawl Stone Soup version 0.29.1-15-g9cfb28693d (webtiles) character file.

Game seed: 3970662446251525756

100 DemonSlayer the Digger (level 4, 0/30 HPs)
             Began as a Demonspawn Earth Elementalist on Feb 25, 2023.
             Slain by a gnoll
             ... wielding a +0 spear
              (4 damage)
             ... on level 2 of the Dungeon.
             The game lasted 00:03:09 (1710 turns).

DemonSlayer the Digger (DsEE)                       Turns: 1710, Time: 00:03:10

Health: 0/30       AC:  4    Str: 10    XL:     4   Next: 46%
Magic:  0/8        EV: 12    Int: 16    God:
Gold:   41         SH:  0    Dex: 14    Spells: 3/9 levels left

rFire   . . .      SeeInvis .   l - +0 dagger
rCold   . . .      Faith    .   (no shield)
rNeg    . . .      Spirit   +   a - +0 robe
rPois   .          Reflect  .   k - +1 helmet
rElec   .          Harm     .   (no cloak)
rCorr   .          Rampage  .   (no gloves)
Will    .....                   (no boots)
Stlth   ++........              (no amulet)
HPRegen 0.10/turn               (no ring)
MPRegen 0.22/turn               (no ring)

@: mighty, brilliant
A: magic shield, magic regeneration
a: no special abilities


You were on level 2 of the Dungeon.
You visited 1 branch of the dungeon, and saw 2 of its levels.

You collected 41 gold pieces.

Inventory:

Hand Weapons
 l - a +0 dagger (weapon)
Armour
 a - a +0 robe (worn)
 k - a +1 helmet (worn)
Scrolls
 c - a scroll of immolation {unknown}
 e - a scroll of teleportation {unknown}
 f - 2 scrolls of vulnerability {unknown}
 h - 2 scrolls of identify {unknown}
 j - a scroll of amnesia {unknown}
 m - a scroll of blinking {unknown}
 n - a scroll of magic mapping {unknown}
Potions
 b - a potion of haste {unknown}
 d - a potion of cancellation {unknown}
 o - a potion of curing {unknown}


   Skills:
 + Level 0.1 Short Blades
 + Level 2.0 Dodging
 + Level 2.1 Stealth
 + Level 3.2 Spellcasting
 + Level 0.8 Transmutations
 + Level 3.7 Earth Magic


You had 3 spell levels left.
You knew the following spells:

 Your Spells              Type           Power      Damage    Failure   Level
a - Sandblast             Erth           42%        2d11      4%          1
b - Stone Arrow           Conj/Erth      24%        3d8       26%         3
c - Passwall              Tmut/Erth      11%        N/A       11%         2

Your spell library contained the following spells:

 Spells                   Type           Power      Damage    Failure   Level
 Apportation              Tloc           6%         N/A       19%         1
 Petrify                  Tmut/Erth      14%        N/A       56%         4
 Animate Dead             Necr           3%         N/A       88%         4
 Haunt                    Necr/Summ      1%         N/A       100%        7
 Infestation              Necr           1%         N/A       100%        8


Dungeon Overview and Level Annotations

Branches:
Dungeon (2/15)

Altars:


Innate Abilities, Weirdness & Mutations

When hurt, damage is shared between your health and your magic reserves.
You regenerate magic rapidly.


Message History

You kill the gnoll!
The blast of sand hits the gnoll.
The gnoll is heavily wounded.
The gnoll hits you from afar with a +0 spear.
The gnoll barely misses you.
The blast of sand hits the gnoll.
The gnoll is almost dead.
The gnoll barely misses you.
The blast of sand hits the gnoll!
You kill the gnoll!
The gnoll hits you from afar with a +0 spear.
The blast of sand hits the gnoll but does no damage.
The gnoll barely misses you.
The blast of sand hits the gnoll!
The gnoll is severely wounded.
The gnoll closely misses you.
The gnoll hits you from afar with a +0 spear.
You are too injured to fight recklessly!
You are too injured to fight recklessly!
You are too injured to fight recklessly!
You are too injured to fight recklessly!
You see here a +0 leather armour.
You are too injured to fight recklessly!
The blast of sand misses the gnoll.
The blast of sand hits the gnoll but does no damage.
The gnoll barely misses you.
The blast of sand misses the gnoll.
The blast of sand hits the gnoll.
The gnoll is moderately wounded.
The gnoll hits you from afar with a +0 spear!
* * * LOW HITPOINT WARNING * * *
The gnoll misses you.
The gnoll hits you from afar with a +0 spear.
* * * LOW HITPOINT WARNING * * *
It was a potion of brilliance.
You feel clever all of a sudden. The gnoll closely misses you.
It was a potion of might.
You feel very mighty all of a sudden.
The gnoll hits you from afar with a +0 spear.
You die...

## #.# ## #[# .# #.# .####
#######.# ....# ........#
###.# #######g# #.# #g# #.#
.# #.# #.##.# #@# #..#.# #.#
##.#.# #.# # #.#.#########.#
# #.#...........#
####..##########.#
#.....#######....#
#####^.....)>..#.###########
#.######.###...........#


You could see 2 gnolls.

Vanquished Creatures
  2 adders (D:2)
  3 gnolls
  A worm (D:2)
  A ball python (D:1)
  2 bats
  8 endoplasms
  4 giant cockroaches
  6 goblins (D:1)
  2 hobgoblins (D:1)
  6 jackals (D:2)
  A kobold (D:2)
  A quokka (D:1)
  3 frilled lizards
  8 rats
48 creatures vanquished.

Notes
Turn   | Place    | Note
-------+----------+-------------------------------------------
     0 | D:1      | DemonSlayer the Demonspawn Earth Elementalist began the
                  | quest for the Orb.
     0 | D:1      | Reached XP level 1. HP: 13/13 MP: 3/3
   222 | D:1      | Gained mutation: You regenerate magic rapidly. [demonic
                  | ancestry]
   222 | D:1      | Reached XP level 2. HP: 19/19 MP: 1/5
   296 | D:1      | Found a faded altar of an unknown god.
   300 | D:1      | Got Plato's Anthology of the Map
   906 | D:1      | Reached XP level 3. HP: 24/24 MP: 2/7
   954 | D:1      | Learned a level 3 spell: Stone Arrow
   957 | D:1      | Learned a level 2 spell: Passwall
  1251 | D:2      | Gained mutation: When hurt, damage is shared between your
                  | health and your magic reserves. [demonic ancestry]
  1251 | D:2      | Reached XP level 4. HP: 30/30 MP: 5/8
  1710 | D:2      | Slain by a gnoll

Illustrated notes

Levels and vault maps discovered:
D:1:      scummos_arrival_star, layout_loops_cross,
          shapermc_ecumenical_altar_rom_forum, minmay_statues_item
D:2:      layout_basic, serial_curves, eino_curves_03, eino_curves_04,
          minmay_door_square

Skill      XL: |  1  2  3 |
---------------+----------+-----
Earth Magic    | 3 |  3.7
Stealth        | 2 |  2.1
Spellcasting   | 3 |  3.2
Dodging        | 2 |  2.0
Short Blades   | |  0.1
Transmutations | |  0.8

Action                   |  1- 3 |  4- 6 || total
-------------------------+-------+-------++-------
Melee: Unarmed           |     3 |       ||     3
       Dagger            |    16 |    13 ||    29
 Cast: Sandblast         |    55 |    27 ||    82
  Use: Potion            |     1 |     2 ||     3
 Stab: Sleeping          |     3 |     2 ||     5
Armor: Robe              |    23 |    13 ||    36
Dodge: Dodged            |    41 |    30 ||    71
